 Dungeon Crawl Stone Soup version 0.23-a0-641-g0a7f1ce553 (webtiles) character file.

331 HereIgoKillingAgain the Cleaver (level 6, -3/76 HPs)
             Began as a Minotaur Fighter on Dec 29, 2018.
             Slain by Grinder (6 damage)
             ... on level 3 of the Dungeon.
             The game lasted 00:02:08 (1537 turns).

HereIgoKillingAgain the Cleaver (Minotaur Fighter)  Turns: 1537, Time: 00:02:09

Health: -3/76      AC:  4    Str: 26    XL:     6   Next: 26%
Magic:  5/5        EV:  8    Int:  7    God:
Gold:   183        SH:  9    Dex:  9    Spells: 5/5 levels left

rFire    + . .     SeeInvis .   a - +0 war axe
rCold    + . .     Gourm    .   c - +0 shield
rNeg     . . .     Faith    .   d - +0 troll leather armour {Purgy}
rPois    .         Spirit   .   (helmet restricted)
rElec    .         Reflect  .   p - scarf {rC+ rF+}
rCorr    .         Harm     .   (no gloves)
MR       .....                  (no boots)
Stlth    ..........             (no amulet)
HPRegen  0.62/turn              (no ring)
MPRegen  0.09/turn              (no ring)

@: berserking, very quick
A: retaliatory headbutt, horns 2
a: no special abilities


You were on level 3 of the Dungeon.
You were hungry.

You visited 1 branch of the dungeon, and saw 3 of its levels.

You collected 183 gold pieces.

Inventory:

Hand Weapons
 a - a +0 war axe (weapon)
Armour
 b - a +0 scale mail
 c - a +0 shield (worn)
 d - a +0 troll leather armour (worn) {Purgy}
 p - a scarf of resistance (worn)
Scrolls
 e - 3 scrolls of teleportation {unknown}
 j - 2 scrolls of amnesia {unknown}
 k - a scroll of magic mapping {unknown}
 l - 2 scrolls of identify {unknown}
 n - a scroll of fear {unknown}
 o - a scroll of enchant armour {unknown}
 r - a scroll of remove curse {unknown}
Potions
 i - a potion of lignification {unknown}
 m - a potion of flight {unknown}
 q - a potion of degeneration {unknown}
 t - a potion of curing {unknown}
 u - 2 potions of mutation {unknown}
Comestibles
 f - 6 rations
 s - 8 chunks of flesh


   Skills:
 - Level 3.6 Fighting
 + Level 8.1 Axes
 - Level 3.6 Armour
 - Level 3.6 Shields


You had 5 spell levels left.
You didn't know any spells.
Your spell library was empty.

Dungeon Overview and Level Annotations

Branches:
Dungeon (3/15)

Altars:
Cheibriados
Elyvilon
Gozag
Ru

Annotations:
D:3 Grinder


Innate Abilities, Weirdness & Mutations

You reflexively headbutt those who attack you in melee.
You have a pair of horns on your head.


Message History

Pain shoots through your body!
* * * LOW HITPOINT WARNING * * *
Grinder blinks!
You can move again.
Grinder hits you but does no damage.
You are feeling hungry.
You barely miss Grinder. You headbutt Grinder.
Grinder is heavily wounded.
Grinder hits you.
* * * LOW HITPOINT WARNING * * *
It was a potion of berserk rage.
A red film seems to cover your vision as you go berserk!
You feel yourself moving faster!
You feel mighty! Grinder hits you.
* * * LOW HITPOINT WARNING * * *
You writhe in agony.
* * * LOW HITPOINT WARNING * * *
You slice Grinder!!
Grinder is almost dead.
Grinder hits you.
You die...

#........ .......
#..##..#. .. ......
#####.##)#.#. ... .....
......#..#.## ....#...#
..##..###.[
....#...#####.##.##...#.
...........#..#.. #.###.
........[......#.##.#..#
......5@.......##..#..#.
.##....).......#.#(#.###
#....).......#.#.##.#.
#....)..†......#.#...#
#..............##.#.#.
###########.......###.
###......... #...#####.
##### #.


You could see Grinder.

Vanquished Creatures
  Purgy (D:3)
  An orc wizard (D:3)
  2 orc priests (D:3)
  Jessica (D:2)
  3 adders (D:2)
  An ooze (D:1)
  A worm (D:2)
  2 dart slugs
  3 leopard geckos
  6 orcs (D:3)
  9 bats
  7 giant cockroaches
  9 hobgoblins
  8 jackals
  2 frilled lizards
  7 goblins
  11 kobolds
  4 rats
78 creatures vanquished.

Notes
Turn   | Place    | Note
-------+----------+-------------------------------------------
     0 | D:1      | HereIgoKillingAgain the Minotaur Fighter began the quest
                  | for the Orb.
     0 | D:1      | Reached XP level 1. HP: 19/19 MP: 0/0
   112 | D:1      | Reached skill level 3 in Axes
   223 | D:1      | Reached XP level 2. HP: 21/26 MP: 1/1
   298 | D:1      | Reached skill level 4 in Axes
   319 | D:1      | Reached XP level 3. HP: 27/31 MP: 2/2
   677 | D:2      | Noticed Jessica
   685 | D:2      | Killed Jessica
   685 | D:2      | Reached skill level 5 in Axes
   836 | D:2      | Reached XP level 4. HP: 35/39 MP: 3/3
   947 | D:2      | Found an opulent altar of Gozag.
   948 | D:2      | Found a white marble altar of Elyvilon.
   949 | D:2      | Found a snail-covered altar of Cheibriados.
   977 | D:2      | Reached skill level 6 in Axes
  1018 | D:2      | Found a sacrificial altar of Ru.
  1197 | D:2      | Found a faded altar of an unknown god.
  1320 | D:3      | Noticed Purgy
  1330 | D:3      | Killed Purgy
  1330 | D:3      | Reached skill level 7 in Axes
  1330 | D:3      | Reached XP level 5. HP: 35/45 MP: 4/4
  1497 | D:3      | Noticed Grinder
  1499 | D:3      | Reached XP level 6. HP: 51/51 MP: 5/5
  1508 | D:3      | Paralysed by Grinder for 3 turns
  1512 | D:3      | Reached skill level 8 in Axes
  1518 | D:3      | Paralysed by Grinder for 2 turns
  1522 | D:3      | Paralysed by Grinder for 4 turns
  1530 | D:3      | Paralysed by Grinder for 4 turns
  1536 | D:3      | HP: 3/76 [Grinder (6)]
  1537 | D:3      | Slain by Grinder

Vault maps used:
D:1:      lightli_iron_boxes
D:2:      nicolae_ru_awakened_eye, chequers_temple_overflow_statue_of_worship,
          chequers_ecumenical_altar_simple_redux, uniq_jessica
D:3:      minmay_pentomino_pile, uniq_ijyb, uniq_purgy, uniq_grinder

Skill      XL: |  1  2  3  4  5  6 |
---------------+-------------------+-----
Axes           | 3 4 5 7 8 |  8.1
Fighting       | |  3.6
Armour         | |  3.6
Shields        | |  3.6

Action                   |  1- 3 |  4- 6 || total
-------------------------+-------+-------++-------
Melee: War axe           |    96 |   108 ||   204
       Headbutt          |     9 |    15 ||    24
  Use: Potion            |       |     3 ||     3
  Eat: Chunk             |       |     2 ||     2
Armor: Scale mail        |    36 |    25 ||    61
       Troll leather arm |       |    11 ||    11
Dodge: Dodged            |    20 |    38 ||    58
Block: Shield            |    64 |    53 ||   117

Table legend:
 A = Non-vault XP
 B = Vault XP
 C = Vault XP percentage of total XP
 D = Non-vault monster count
 E = Vault monster count
 F = Vault count percentage of total count
                 A         B        C        D         E       F
            +---------+---------+-------+---------+---------+-------
      Total |     297 |     177 |  37.3 |      71 |       7 |   9.0
            +---------+---------+-------+---------+---------+-------
        D:1 |      52 |       0 |   0.0 |      26 |       0 |   0.0
        D:2 |      88 |      37 |  29.6 |      27 |       1 |   3.6
        D:3 |     157 |     140 |  47.1 |      18 |       6 |  25.0
            +---------+---------+-------+---------+---------+-------
